 Dungeon Crawl Stone Soup version 0.31-a0-859-g9dce7d3444 (webtiles) character file.

Game seed: 15923651035478707928

315 redmage the Ruffian (level 6, -5/38 HPs)
             Began as an Octopode Shapeshifter on Oct 10, 2023.
             Slain by Edmund
             ... wielding a +2 flail of holy wrath
              (12 damage)
             ... on level 5 of the Dungeon.
             The game lasted 00:09:30 (2652 turns).

redmage the Ruffian (Octopode Shapeshifter)         Turns: 2652, Time: 00:09:30

Health: -5/38      AC:  1    Str: 14    XL:     6   Next: 43%
Magic:  6/6        EV: 13    Int: 12    God:
Gold:   131        SH:  0    Dex: 13    Spells: 5/5 levels left

rFire   . .          .
                       - Unarmed
rCold   . . .        (no shield)
rNeg    . . .        (helmet currently unavailable)
rPois   .            (no amulet)
rElec   .            (no ring)
rCorr   .            (no ring)
SInv    .            (no ring)
Will    .....        (no ring)
Stlth   +++          (no ring)
HPRegen 0.26/turn    (no ring)
MPRegen 0.10/turn    (no ring)
                     (no ring)

%: no passive effects
@: beast-form
A: beast (slay +2), almost no armour, amphibious, 8 rings, camouflage 1,
gelatinous body 1, (nimble swimmer 1), tentacles
a: Begin Untransformation


You were on level 5 of the Dungeon.
You were a hulking beast.
You visited 1 branch of the dungeon, and saw 5 of its levels.
You also visited: Sewer.

You collected 131 gold pieces.

Inventory:

Jewellery
 p - a ring of flight
Talismans
 b - a beast talisman (active)
 c - a flux talisman
 o - a maw talisman
Scrolls
 d - 6 scrolls of identify {unknown}
 f - a scroll of brand weapon {unknown}
 g - 3 scrolls of teleportation {unknown}
 h - a scroll of poison {unknown}
 i - a scroll of vulnerability {unknown}
 l - a scroll of fear {unknown}
 m - 2 scrolls of enchant weapon {unknown}
Potions
 a - a potion of lignification
 e - a potion of attraction {unknown}
 j - a potion of curing
 k - 2 potions of might {unknown}


   Skills:
 - Level 1.0 Fighting
 - Level 2.0 Dodging
 - Level 4.0 Stealth
 * Level 5.4 Unarmed Combat
 + Level 4.1 Shapeshifting


You had 5 spell levels left.
You didn't know any spells.
Your spell library contained the following spells:

 Spells                   Type           Power      Damage    Failure   Level
 Dazzling Flash           Conj/Hex       0%         N/A       69%         3
 Volatile Blastmotes      Fire/Tloc      0%         2d10      69%         3
 Starburst                Conj/Fire      0%         6d3       100%        6
 Maxwell's Capacitive Co  Air            0%         ∞         100%        8


Dungeon Overview and Level Annotations

Branches:
Dungeon (5/15)              Sewer (visited)
 Temple: D:4-7

Altars:
Zin

Shops:
D:2 (

Annotations:
D:2 Sigmund
D:3 2 runed translucent doors, JayJaygamer2134567's ghost, amateur DsFi
D:4 Dowan; Duvessa
D:5 Edmund


Innate Abilities, Weirdness & Mutations

You are a hulking beast.
Your limbs bulge with bestial killing power. (Slay +2)
You cannot wear most types of armour.
You are amphibious.
You can wear up to eight rings at the same time.
Your skin changes colour to match your surroundings (Stealth+).
Your rubbery body absorbs attacks. (AC +1, EV +1)
((You are camouflaged when in or above water. (Stealth+)))
You have tentacles for arms and can constrict up to eight enemies at once.


Message History

Aiming: Paralyse
Press: ? - help, Shift-Dir - straight line, f - Edmund
Aim: Edmund, wielding a +2 flail of holy wrath and wearing a +0 ring mail (asleep, chance to affect: 49%) Edmund shouts!
Edmund suddenly stops moving!
Unknown command.
The helpless Edmund fails to defend himself.
You tentacle-slap Edmund but do no damage.
You grab Edmund. You constrict Edmund, but do no damage.
Edmund is no longer paralysed.
Edmund hits you with a +2 flail of holy wrath!
You tentacle-slap Edmund but do no damage.
You constrict Edmund.
Edmund hits you with a +2 flail of holy wrath.
Aiming: Paralyse
Press: ? - help, Shift-Dir - straight line, f/p - Edmund
Aim: Edmund, wielding a +2 flail of holy wrath and wearing a +0 ring mail (lightly wounded, constricted by you, chance to affect: 49%) Edmund resists with some effort.
You constrict Edmund, but do no damage.
Edmund hits you with a +2 flail of holy wrath.
Unknown command.
Aiming: Paralyse
Press: ? - help, Shift-Dir - straight line, f/p - Edmund
Aim: Edmund, wielding a +2 flail of holy wrath and wearing a +0 ring mail (lightly wounded, constricted by you, chance to affect: 49%) Edmund resists with some effort.
You constrict Edmund.
Edmund hits you with a +2 flail of holy wrath!
Unknown command.
Aiming: Paralyse
Press: ? - help, Shift-Dir - straight line, f/p - Edmund
Aim: Edmund, wielding a +2 flail of holy wrath and wearing a +0 ring mail (lightly wounded, constricted by you, chance to affect: 49%) Edmund resists with some effort.
You constrict Edmund, but do no damage.
Edmund hits you with a +2 flail of holy wrath!
* * * LOW HITPOINT WARNING * * *
Aiming: Paralyse
Press: ? - help, Shift-Dir - straight line, f/p - Edmund
Aim: Edmund, wielding a +2 flail of holy wrath and wearing a +0 ring mail (lightly wounded, constricted by you, chance to affect: 49%) Edmund resists with some effort.
The now-empty wand crumbles to dust.
You constrict Edmund.
Edmund hits you with a +2 flail of holy wrath!
You die...
Edmund says, "That'll show my brother!"

### ### #.# #.#
#.###.#########
##......h@.....#
#...##.#######.#
#.###.#.....#
#.# ##.####.# #.
#.# #.## ##.#
####.###.##
........## #
####.#..###...#


You could see Edmund.

Vanquished Creatures
  An ice beast (D:5)
  Ijyb (D:3)
  A sleepcap (D:4)
  A hell rat (Sewer)
  3 gnolls
  3 river rats
  5 worms
  A dart slug (D:2)
  3 orcs (D:4)
  4 bats
  3 endoplasms
  6 giant cockroaches
  7 hobgoblins
  5 jackals (D:2)
  3 kobolds
  A quokka (D:3)
  3 ball pythons
  A frilled lizard (D:1)
  12 goblins
  12 rats
76 creatures vanquished.

Notes
Turn   | Place    | Note
-------+----------+-------------------------------------------
     0 | D:1      | redmage the Octopode Shapeshifter began the quest for the
                  | Orb.
     0 | D:1      | Reached XP level 1. HP: 13/13 MP: 1/1
   227 | D:1      | Reached skill level 1 in Stealth
   227 | D:1      | Reached XP level 2. HP: 10/18 MP: 2/2
   683 | D:2      | Found Gizug's Weapon Shoppe.
   752 | D:2      | Reached XP level 3. HP: 13/23 MP: 3/3
   840 | D:2      | Noticed Sigmund
  1081 | D:3      | Found a runed translucent door.
  1211 | D:3      | Found a faded altar of an unknown god.
  1248 | D:3      | Found a glowing drain.
  1260 | D:3      | Reached skill level 4 in Unarmed Combat
  1260 | D:3      | Reached XP level 4. HP: 23/28 MP: 4/4
  1283 | Sewer    | Entered a sewer
  1413 | Sewer    | Reached XP level 5. HP: 33/33 MP: 5/5
  1790 | D:3      | Noticed Ijyb
  1797 | D:3      | Paralysed by Ijyb for 5 turns
  1808 | D:3      | Killed Ijyb
  1878 | D:3      | Found a runed translucent door.
  1882 | D:3      | Noticed JayJaygamer2134567's ghost (amateur DsFi)
  2103 | D:3      | Found a glowing silver altar of Zin.
  2410 | D:4      | Reached skill level 5 in Unarmed Combat
  2523 | D:4      | Noticed Duvessa
  2526 | D:4      | Noticed Dowan
  2550 | D:5      | Entered Level 5 of the Dungeon
  2553 | D:5      | Noticed an ice beast
  2592 | D:5      | Killed an ice beast
  2593 | D:5      | Reached XP level 6. HP: 30/38 MP: 6/6
  2633 | D:5      | Noticed Edmund
  2652 | D:5      | Slain by Edmund

Illustrated notes

Levels and vault maps discovered:
D:1:      dpeg_arrival_rooms_b, layout_basic
D:2:      layout_basic, serial_shops, shop, minmay_cupped, uniq_sigmund,
          uniq_natasha, uniq_robin
D:3:      layout_loops_corners, kennysheep_orc_sif_temple,
          mainiacjoe_overflow_alcove_2, cheibrodos_sewer_entry_sluice,
          ebering_ghost_sewer_f, hellmonk_ecumenical_altar_inner_sanctum,
          nicolae_goblin_pals
D:4:      layout_loops_ring, gammafunk_ghost_nasty_kobolds,
          chequers_decorated_corner, uniq_duvessa
D:5:      layout_loops_ring, lemuel_zombie_altar_yredelemnul, uniq_edmund,
          uniq_grinder, uniq_ijyb, uniq_prince_ribbit1

Skill      XL: |  1  2  3  4  5 |
---------------+----------------+-----
Stealth        | 1 2 3 4 |  4.0
Unarmed Combat | 4 5 |  5.4
Shapeshifting  | 4 |  4.1
Fighting       | |  1.0
Dodging        | |  2.0

Action                     |  1- 3 |  4- 6 || total
---------------------------+-------+-------++-------
  Melee: Unarmed           |    67 |    94 ||   161
         Constrict         |    16 |    25 ||    41
         Tentacles         |    11 |    20 ||    31
         Punch             |     3 |     3 ||     6
  Evoke: Wand              |       |     5 ||     5
    Use: Potion            |       |     3 ||     3
   Stab: Sleeping          |     6 |    14 ||    20
         Paralysed         |       |     1 ||     1
 Armour: Skin              |    25 |    37 ||    62
  Dodge: Dodged            |    48 |    44 ||    92

Table legend: (Time is in decaauts)
 A = Elapsed time spent in this place.
 B = Non-inter-level travel time spent in this place.
 C = Inter-level travel time spent in this place.
 D = Time resting spent in this place.
 E = Time spent auto-exploring this place.
 F = Levels seen in this place.
 G = Mean time per level.
                   A        B        C        D        E       F      G
               +--------+--------+--------+--------+--------+-----+--------+
         Total |   2639 |   2501 |    138 |     28 |   1904 |   6 |  439.8 |
       Dungeon |   2490 |   2352 |    138 |     28 |   1809 |   5 |  498.0 |
         Sewer |    149 |    149 |      0 |      0 |     95 |   1 |  149.0 |
               +--------+--------+--------+--------+--------+-----+--------+

Top non-repeatable levels by time:
     D:3: 988 daAuts
     D:1: 730 daAuts
     D:2: 349 daAuts
     D:4: 321 daAuts
   Sewer: 149 daAuts
     D:5: 100 daAuts
